AoeStats
← Cien Ojos

Arabia

505369142Analyzed
1v1 RM · 24d ago on Sep 9, 2026· 28m 46s· 2 players
Game mode
Random Map
Map size
Tiny (2 player)
Population
200
Speed
Normal
Resources
Standard
Victory
Conquest
Starting age
Dark Age
Ending age
Imperial Age
RankedLock teamsTeams togetherTeam positionsShared explorationLock speedFull tech treeHidden civsTurbo modeCheats
Victory
Defeat
🇦🇷 Inca · Argentina
1176
+14
🇲🇽 Jurchens · Mexico
1135
-14
[GDL] Grumpy Scientist
7:12 Loom
10:33 Feudal Age
11:00 Double-Bit Axe
18:41 Forging
22:57 Fletching
25:15 Castle Age
23:53 Fletching
24:35 Horse Collar
25:36 Bloodlines
25:18 Crossbowman
26:00 Padded Archer Armor
26:03 Bodkin Arrow
Cien Ojos
6:42 Loom
8:56 Feudal Age
10:18 Double-Bit Axe
10:39 Horse Collar
12:09 Champi Runner
21:22 Castle Age
21:27 Champi Warrior
22:08 Squires
25:24 Forging
26:05 Scale Mail Armor
Connection lost

Rejoining the realm…

Still unreachable

The connection could not be restored.

Session expired

The server has moved on; the page needs a fresh start.